AoeStats
← Infadel

Arabia

510176662Analyzed
1v1 RM · 2d ago on Sep 29, 2026· 34m 6s· 2 players
Game mode
Random Map
Map size
Tiny (2 player)
Population
200
Speed
Normal
Resources
Standard
Victory
Conquest
Starting age
Dark Age
Ending age
Imperial Age
RankedLock teamsTeams togetherTeam positionsShared explorationLock speedFull tech treeHidden civsTurbo modeCheats
Victory
Defeat
🇪🇪 Chinese · Estonia
1139
+16
🇮🇳 Portuguese · India
1141
-16
Persistent
0:43 Loom
10:47 Feudal Age
11:45 Double-Bit Axe
12:55 Gold Mining
22:35 Castle Age
20:42 Fletching
23:38 Scale Barding Armor
23:49 Bloodlines
25:18 Horse Collar
27:34 Thumb Ring
26:51 Crossbowman
26:59 Elite Skirmisher
28:32 Wheelbarrow
28:06 Stone Mining
30:05 Padded Archer Armor
30:00 Bodkin Arrow
31:46 Forging
32:24 Bow Saw
32:21 Light Cavalry
34:31 Husbandry
Infadel
7:56 Loom
9:44 Feudal Age
10:06 Man-at-Arms
10:43 Double-Bit Axe
19:02 Horse Collar
19:18 Gold Mining
23:26 Castle Age
22:16 Fletching
23:51 Forging
23:41 Scale Mail Armor
24:25 Bow Saw
24:14 Pikeman
24:24 Elite Skirmisher
28:26 Wheelbarrow
27:36 Town Watch
29:05 Bodkin Arrow
31:56 Heavy Plow
Connection lost

Rejoining the realm…

Still unreachable

The connection could not be restored.

Session expired

The server has moved on; the page needs a fresh start.